 Dungeon Crawl Stone Soup version 0.30.1-9-gdf580d7c3d (webtiles) character file.

Game seed: 3831447225033163068

44 fireball365 the Trooper (level 3, 0/25 (33) HPs)
             Began as a Hill Orc Fighter on Oct 8, 2023.
             Slain by an orc
             ... wielding a +2 flail of draining
              (2 damage)
             ... on level 2 of the Dungeon.
             The game lasted 00:01:47 (638 turns).

fireball365 the Trooper (Hill Orc Fighter)           Turns: 638, Time: 00:01:47

HP:   0/25 (33)     AC:  8    Str: 20    XL:     3   Next: 60%
MP:   3/3           EV:  9    Int:  8    God:
Gold: 61            SH:  4    Dex: 10    Spells: 2/2 levels left

rFire   . . .        a - +0 war axe
rCold   . . .        c - +0 buckler
rNeg    . . .        b - +0 scale mail
rPois   .            (no helmet)
rElec   .            (no cloak)
rCorr   .            i - +0 pair of gloves
SInv    .            (no boots)
Will    .....        (no amulet) Stlth
                     (no ring)
HPRegen 0.24/turn    (no ring)
MPRegen 0.08/turn

%: no passive effects
@: hasted, heavily drained, very quick
A: no striking features
a: no special abilities


You were on level 2 of the Dungeon.
You visited 1 branch of the dungeon, and saw 2 of its levels.

You collected 61 gold pieces.

Inventory:

Hand Weapons
 a - a +0 war axe (weapon)
Missiles
 j - 3 boomerangs (quivered)
Armour
 b - a +0 scale mail (worn)
 c - a +0 buckler (worn)
 i - a +0 pair of gloves (worn)
Scrolls
 g - a scroll of noise {unknown}
Potions
 d - a potion of might
 h - a potion of mutation {unknown}


   Skills:
 + Level 4.1 Fighting
 + Level 3.7 Axes
 + Level 3.7 Armour
 + Level 3.6 Shields


You had 2 spell levels left.
You didn't know any spells.
Your spell library was empty.

Dungeon Overview and Level Annotations

Branches:
Dungeon (2/15)

Altars:


Message History

The orc hits you with a +2 flail of draining.
You feel drained. The orc attacks as you move away!
The orc hits you but does no damage.
You feel drained. The orc attacks as you move away!
The orc hits you with a +2 flail of draining.
You feel drained. The orc attacks as you move away!
The orc completely misses you. The adder attacks as you move away!
The adder bites you.
You are poisoned.
The adder poisons you! The orc attacks as you move away!
The orc completely misses you.
Found 9 gold pieces.
You feel sick.
You feel sick. The adder closely misses you. The orc barely misses you.
Found a murky blue potion and 5 gold pieces.
You feel sick. The adder barely misses you.
The quokka twitches its whiskers.
The adder closely misses you. The adder attacks as you move away!
The adder closely misses you. The orc attacks as you move away!
The orc hits you with a +2 flail of draining.
You feel drained.
You feel sick.
You are no longer poisoned.
The goblin hits you but does no damage. The orc attacks as you move away!
The orc closely misses you.
You barely miss the orc. The orc barely misses you.
The orc hits you with a +2 flail of draining!
* * * LOW HITPOINT WARNING * * *
You feel drained.
* * * LOW HITPOINT WARNING * * *
Read: scroll of immolation
Press: ? - help, Q - select action, (/) - cycle Dir - look around, f - activate Look: an orc, wielding a +2 flail of draining (susceptible)
As you read the scroll of immolation, it crumbles to dust.
The creatures around you are filled with an inner flame!
The orc hits you with a +2 flail of draining.
* * * LOW HITPOINT WARNING * * *
You feel drained.
It was a potion of haste.
You feel yourself speed up.
The orc hits you with a +2 flail of draining.
You die...

~~~~###..# #### ~ ###.o.##
...######...o..#
...............#
...............# .
...............# ..
.............r.#####.##.
.......†.....SS#...$.$.. ..
........)....Sgo@....!...# ..
.............o##.........# #
#....>##.....###.........# #
.############# #..=......# #
.)....###### #......... #
#####......## ########.# #
######..###########.#########
##......................
#############.#########


You could see 2 adders, 2 orcs, a quokka (inner flame), a goblin (inner flame)
and a ball python (inner flame).

Vanquished Creatures
  A worm (D:2)
  A dart slug (D:1)
  4 ball pythons
  3 endoplasms (D:1)
  2 giant cockroaches (D:1)
  3 goblins
  3 hobgoblins
  4 jackals (D:1)
  2 quokkas (D:1)
  2 bats (D:1)
  4 frilled lizards
  4 kobolds
  2 rats (D:1)
35 creatures vanquished.

Notes
Turn   | Place    | Note
-------+----------+-------------------------------------------
     0 | D:1      | fireball365 the Hill Orc Fighter began the quest for the
                  | Orb.
     0 | D:1      | Reached XP level 1. HP: 19/19 MP: 1/1
    25 | D:1      | Reached XP level 2. HP: 24/27 MP: 2/2
   126 | D:1      | Reached skill level 4 in Fighting
   229 | D:1      | Reached XP level 3. HP: 33/33 MP: 3/3
   637 | D:2      | HP: 1/26 [orc/+2 flail of draining (1)]
   638 | D:2      | Slain by an orc

Illustrated notes

Levels and vault maps discovered:
D:1:      wander_arrival_chamber, layout_rooms, corexii_hall_statues_i,
          kennysheep_minor_cross
D:2:      cheibrodos_helix_gallery, layout_rooms,
          dreamdust_ecumenical_altar_hidden_monk_grotto

Skill      XL: |  1  2 |
---------------+-------+-----
Fighting       | 4 |  4.1
Axes           | 3 |  3.7
Armour         | |  3.7
Shields        | |  3.6

Action                     || total
---------------------------++-------
  Melee: War axe           ||    83
    Use: Scroll            ||     2
         Potion            ||     1
 Armour: Scale mail        ||    58
  Dodge: Dodged            ||    55
  Block: Buckler           ||    24
